 Dungeon Crawl Stone Soup version 0.31-a0-278-g485e682e34 (webtiles) character file.

Game seed: 2087344203804853813

5511 AdnanSaban the Basher (level 10, -5/64 HPs)
             Began as a Gargoyle Fighter on July 16, 2023.
             Was an Elder of Okawaru.
             Slain by a hornet (7 damage)
             ... on level 9 of the Dungeon.
             The game lasted 00:16:00 (8451 turns).

AdnanSaban the Basher (Gargoyle Fighter)            Turns: 8451, Time: 00:16:00

Health: -5/64      AC: 33    Str: 24    XL:     10   Next: 70%
Magic:  10/10      EV:  7    Int:  9    God:    Okawaru [****..]
Gold:   497        SH:  5    Dex:  9    Spells: 9/9 levels left

rFire   . . .        b - +2 flail (protect)
rCold   . . .        c - +0 buckler
rNeg    + . .        l - +0 plate armour
rPois   ∞            p - +1 helmet
rElec   +            D - +0 cloak
rCorr   .            w - +0 pair of gloves
SInv    +            (no boots)
Will    +....        (no amulet) Stlth
                     k - ring of willpower
HPRegen 0.30/turn    z - ring of see invisible
MPRegen 0.12/turn

%: no passive effects
@: under a protective aura
A: sickness immunity, AC +7, negative energy resistance 1, electricity
resistance, torment resistance 1, petrification resistance
a: Renounce Religion, Heroism, Finesse


You were on level 9 of the Dungeon.
You worshipped Okawaru.
Okawaru was greatly pleased with you.
You visited 2 branches of the dungeon, and saw 10 of its levels.

You collected 497 gold pieces.

Inventory:

Hand Weapons
 b - a +2 flail of protection (weapon)
 s - a +1 vampiric whip
Missiles
 E - a throwing net
Armour
 c - a +0 buckler (worn)
 l - a +0 plate armour (worn)
 p - a +1 helmet (worn)
 w - a +0 pair of gloves (worn)
 D - a +0 cloak (worn)
Jewellery
 k - a ring of willpower (left hand)
 z - a ring of see invisible (right hand)
 G - a ring of willpower
Wands
 v - a wand of flame (31)
 x - a wand of polymorph (6)
Scrolls
 f - 2 scrolls of fog {unknown}
 g - 9 scrolls of identify {unknown}
 h - 3 scrolls of teleportation {unknown}
 j - a scroll of fear {unknown}
 m - a scroll of enchant armour {unknown}
 o - a scroll of torment {unknown}
 q - 4 scrolls of blinking {unknown}
 t - 2 scrolls of noise {unknown}
 y - a scroll of acquirement {unknown}
 A - 2 scrolls of poison {unknown}
 C - 2 scrolls of amnesia {unknown}
Potions
 a - 2 potions of degeneration {unknown}
 d - 4 potions of might
 e - 2 potions of attraction {unknown}
 i - a potion of resistance {unknown}
 n - a potion of brilliance {unknown}
 r - a potion of heal wounds {unknown}
 u - a potion of lignification {unknown}
 B - a potion of curing {unknown}
 F - a potion of berserk rage {unknown}
 H - a potion of mutation {unknown}


   Skills:
 + Level 8.2 Fighting
 + Level 11.3 Maces & Flails
 + Level 8.1 Armour
 + Level 6.6 Shields


You had 9 spell levels left.
You didn't know any spells.
Your spell library contained the following spells:

 Spells                   Type           Power      Damage    Failure   Level
 Magic Dart               Conj           0%         1d3       99%         1
 Ignite Poison            Fire/Tmut/Pois 0%         N/A       100%        3
 Mephitic Cloud           Conj/Pois/Air  0%         N/A       100%        3
 Ozocubu's Armour         Ice            0%         N/A       100%        3
 Portal Projectile        Hex/Tloc       0%         N/A       100%        3
 Leda's Liquefaction      Hex/Erth       0%         N/A       100%        4
 Ozocubu's Refrigeration  Ice            0%         4d7       100%        7
 Shatter                  Erth           0%         3d5*      100%        9
 Call Imp                 Summ           Unusable   N/A       N/A         2
 Call Canine Familiar     Summ           Unusable   N/A       N/A         3

Dungeon Overview and Level Annotations

Branches:
Dungeon (9/15)             Temple (1/1) D:6            Lair (0/5) D:9
    Orc: D:9-12

Altars:
Ashenzari
Cheibriados
Dithmenos
Elyvilon
Fedhas
Gozag
Hepliaklqana
Kikubaaqudgha
Makhleb
Nemelex Xobeh
Okawaru
Ru
Sif Muna
Trog
Uskayaw
Vehumet
Wu Jian
Xom
Yredelemnul
Zin
The Shining One

Shops:
D:6 [   D:8 =

Annotations:
D:8 exclusion: statue


Innate Abilities, Weirdness & Mutations

You are immune to sickness and miasma.
Your stone body is resilient. (AC +7)
You are immune to poison.
You resist negative energy. (rN+)
You are resistant to electric shocks. (rElec)
You are resistant to unholy torment.
You are immune to petrification.


Message History

The hellwing is severely wounded.
The hornet closely misses you.
The hellwing hits you but does no damage. x2
The hornet stings you but does no damage.
You completely miss the hellwing.
The hellwing is severely wounded.
The hornet completely misses you.
The hellwing hits you but does no damage. x2
You hit the hellwing.
The hellwing is severely wounded.
The hornet misses you. The hellwing hits you.
* * * LOW HITPOINT WARNING * * *
The hellwing hits you but does no damage.
You hit the hellwing.
The hellwing is almost dead.
The hornet stings you but does no damage.
The hellwing hits you but does no damage. x2
You barely miss the hellwing.
The hellwing is almost dead.
The hornet stings you but does no damage. x2
You hit the hellwing.
The hellwing is almost dead.
The hellwing hits you but does no damage. x2
The hornet stings you but does no damage.
You bludgeon the hellwing!!
You kill the hellwing!
Okawaru accepts your kill.
You can now speed up your combat.
The hornet stings you.
* * * LOW HITPOINT WARNING * * *
You hit the shadow imp but do no damage.
The hornet stings you but does no damage.
The shadow imp hits you.
* * * LOW HITPOINT WARNING * * *
You block the hornet's attack.
You miss the hornet.
The hornet stings you but does no damage.
You block the shadow imp's attack.
Unknown command.
You barely miss the hornet. The hornet stings you!
You die...

...........# ..... ...
#.....###..# ... ##...
####'####..####.#. .≈...
+..............#.. ...#
#..............#.##.P.##.
#..............#.....P...
#..........)...#≈..P>...≈
#.........))...#y...P....
#########......#@##...##.
#......#5.# ..#
#.......#...≈...
#..........###...
#................
+.............# .
#.......#.....#
#.......#.....#
#.......#.....#


You could see a hornet and a shadow imp.

Vanquished Creatures
  A two-headed ogre (D:8)
  Joseph (D:7)
  A centaur skeleton (D:9)
  A troll (D:6)
  A hellwing (D:9)
  Prince Ribbit (D:7)
  A meliai zombie (D:9)
  A vampire (D:9)
  An acid dragon (D:8)
  2 water moccasins (D:8)
  An orc warrior (D:6)
  2 black bears (D:8)
  2 ice beasts
  2 ogres
  A phantom (D:5)
  4 kobold brigands
  5 bullfrogs
  A gnoll sergeant (D:8)
  3 scorpions
  3 wights
  7 killer bees
  A crimson imp (D:4)
  A howler monkey (D:5)
  2 hounds
  2 orc priests
  3 jellies
  Crazy Yiuf (D:6)
  2 gnoll boudas (D:7)
  3 sleepcaps
  3 iguanas
  8 orc wizards
  15 gnolls
  5 adders
  3 shadow imps
  4 white imps
  An ufetubus (D:5)
  2 worms (D:2)
  13 orcs
  6 endoplasms
  2 giant cockroaches (D:4)
  11 goblins
  6 hobgoblins
  8 jackals
  3 quokkas
  7 ball pythons
  8 bats
  3 frilled lizards
  22 kobolds
  8 rats
195 creatures vanquished.

Notes
Turn   | Place    | Note
-------+----------+-------------------------------------------
     0 | D:1      | AdnanSaban the Gargoyle Fighter began the quest for the
                  | Orb.
     0 | D:1      | Reached XP level 1. HP: 14/14 MP: 1/1
   165 | D:1      | Reached XP level 2. HP: 19/19 MP: 2/2
   504 | D:1      | Reached XP level 3. HP: 23/23 MP: 3/3
   916 | D:2      | Reached skill level 3 in Maces & Flails
   916 | D:2      | Reached XP level 4. HP: 27/29 MP: 4/4
  2170 | D:3      | Reached XP level 5. HP: 31/33 MP: 5/5
  2472 | D:4      | Noticed an ogre
  2695 | D:4      | Found a hide-covered altar of Uskayaw.
  2851 | D:4      | Reached skill level 4 in Maces & Flails
  3081 | D:4      | Reached XP level 6. HP: 38/38 MP: 6/6
  3442 | D:4      | Reached skill level 5 in Maces & Flails
  3577 | D:5      | Entered Level 5 of the Dungeon
  3587 | D:5      | Reached skill level 5 in Armour
  3587 | D:5      | Reached XP level 7. HP: 43/44 MP: 7/7
  3745 | D:5      | Reached skill level 6 in Maces & Flails
  3780 | D:5      | Reached skill level 5 in Fighting
  3780 | D:5      | Reached XP level 8. HP: 49/49 MP: 8/8
  3869 | D:5      | Found a burning altar of Makhleb.
  4240 | D:6      | Reached skill level 7 in Maces & Flails
  4342 | D:6      | Found a shimmering altar of Xom.
  4343 | D:6      | Found a hazy altar of Hepliaklqana.
  4344 | D:6      | Noticed a spectral ugly thing
  4422 | D:6      | Found a snail-covered altar of Cheibriados.
  4463 | D:6      | Noticed a troll
  4696 | D:6      | Found a runed translucent door.
  4697 | D:6      | Noticed Crazy Yiuf
  4867 | D:6      | Found a staircase to the Ecumenical Temple.
  4878 | Temple   | Entered the Ecumenical Temple
  4932 | Temple   | Became a worshipper of Warmaster Okawaru
  5285 | D:6      | Killed a troll
  5286 | D:6      | Reached skill level 8 in Maces & Flails
  5286 | D:6      | Reached skill level 5 in Shields
  5671 | D:6      | Found Vitemp's Armour Boutique.
  5740 | D:6      | Killed Crazy Yiuf
  5811 | D:7      | Noticed Joseph
  5837 | D:7      | Killed Joseph
  5838 | D:7      | Reached XP level 9. HP: 19/55 MP: 9/9
  6038 | D:7      | Reached skill level 9 in Maces & Flails
  6043 | D:7      | Reached * piety under Okawaru
  6119 | D:7      | Got the Catalogue of Free Will
  6201 | D:7      | Noticed Prince Ribbit
  6368 | D:7      | Killed Prince Ribbit
  6663 | D:7      | Found a shimmering blue altar of Sif Muna.
  6778 | D:7      | Found a glowing silver altar of Zin.
  6778 | D:7      | Found a sacrificial altar of Ru.
  6779 | D:7      | Found an ornate altar of the Wu Jian Council.
  6996 | D:8      | Found Atryj's Jewellery Shoppe.
  7069 | D:8      | Reached skill level 10 in Maces & Flails
  7112 | D:8      | Reached ** piety under Okawaru
  7254 | D:8      | Noticed a two-headed ogre
  7406 | D:8      | Found a radiant altar of Vehumet.
  7492 | D:8      | Reached XP level 10. HP: 63/63 MP: 10/10
  7615 | D:8      | Killed a two-headed ogre
  7840 | D:8      | Identified the +4 war axe "Zuteli" {distort, rElec Will+
                  | Dex+4}
  8107 | D:8      | Reached *** piety under Okawaru
  8330 | D:9      | Found a staircase to the Lair.
  8341 | D:9      | Reached skill level 11 in Maces & Flails
  8444 | D:9      | HP: 3/64 [hellwing (2)]
  8448 | D:9      | Reached **** piety under Okawaru
  8449 | D:9      | HP: 2/64 [shadow imp (2)]
  8451 | D:9      | Slain by a hornet

Illustrated notes

Levels and vault maps discovered:
D:1:      erik_arrival_triangle_small, layout_loops_ring
D:2:      layout_basic, minivault_27, minmay_diced_spiral
D:3:      layout_basic
D:4:      layout_basic, eat_drink_and_be_merry_uskayaw, hex_medium,
          minmay_fire_ice_demons
D:5:      layout_rooms, mainiacjoe_overflow_six_doors_small
D:6:      layout_basic, regret_index_temple_of_mockery, amcnicky_altar_gilded,
          minmay_temple_entry_mist, serial_shops, nicolae_shop_trees,
          minmay_fractal_squares_5, uniq_crazy_yiuf_cottage
D:7:      layout_cave_pools, gammafunk_temple_overflow_claw, tgw_sif,
          uniq_prince_ribbit1, uniq_joseph
D:8:      layout_basic, vehumet_statue, serial_shops, shop_fountains
D:9:      cheibrodos_grave_circle, layout_gridville, dpeg_oklobed_lair,
          worms_lemuel, uniq_amaemon
Temple:   minmay_temple_curvy_loop

Skill      XL: |  1  2  3  4  5  6  7  8  9 10 |
---------------+-------------------------------+-----
Maces & Flails | 3 4 5 6 8 10 11 | 11.3
Fighting       | 4 5 6 7 8 |  8.2
Armour         | 4 5 6 7 8 |  8.1
Shields        | 4 5 6 |  6.6

Action                     |  1- 3 |  4- 6 |  7- 9 | 10-12 || total
---------------------------+-------+-------+-------+-------++-------
  Melee: Flail             |   118 |   153 |   397 |   184 ||   852
 Armour: Scale mail        |    88 |     3 |       |       ||    91
         Plate armour      |       |   109 |   392 |   221 ||   722
  Dodge: Dodged            |    75 |    47 |   151 |    90 ||   363
  Block: Buckler           |    24 |    25 |   106 |    70 ||   225

Table legend: (Time is in decaauts)
 A = Elapsed time spent in this place.
 B = Non-inter-level travel time spent in this place.
 C = Inter-level travel time spent in this place.
 D = Time resting spent in this place.
 E = Time spent auto-exploring this place.
 F = Levels seen in this place.
 G = Mean time per level.
                   A        B        C        D        E       F      G
               +--------+--------+--------+--------+--------+-----+--------+
         Total |   8516 |   8236 |    280 |    337 |   6102 |  10 |  851.6 |
       Dungeon |   8263 |   8034 |    229 |    337 |   5907 |   9 |  918.1 |
        Temple |    252 |    201 |     51 |      0 |    195 |   1 |  252.0 |
               +--------+--------+--------+--------+--------+-----+--------+

Top non-repeatable levels by time:
     D:6: 1388 daAuts
     D:8: 1154 daAuts
     D:4: 1117 daAuts
     D:7: 1031 daAuts
     D:3: 862 daAuts
     D:1: 840 daAuts
     D:2: 830 daAuts
     D:5: 716 daAuts
     D:9: 322 daAuts
  Temple: 252 daAuts
